 Dungeon Crawl Stone Soup version 0.23.0-3-gf3c87f2df8 (webtiles) character file.

Game seed: 12447723543699030056

50 Ivernyr the Chiller (level 3, -6/28 HPs)
             Began as a Naga Ice Elementalist on Feb 22, 2019.
             Mangled by a centaur (7 damage)
             ... on level 2 of the Dungeon.
             The game lasted 00:06:02 (2212 turns).

Ivernyr the Chiller (Naga Ice Elementalist)         Turns: 2212, Time: 00:06:02

Health: -6/28      AC:  6    Str: 10    XL:     3   Next: 79%
Magic:  4/6        EV:  8    Int: 16    God:
Gold:   67         SH:  0    Dex: 11    Spells: 3/7 levels left

rFire    . . .     SeeInvis +   d - +0 trident
rCold    . . .     Gourm    +   (no shield)
rNeg     . . .     Faith    .   a - +0 robe
rPois    +         Spirit   .   (no helmet)
rElec    .         Reflect  .   (no cloak)
rCorr    .         Harm     .   (no gloves)
MR       .....                  k - +0 naga barding
Stlth    ++........             j - amulet of the gourmand
HPRegen  0.09/turn              (no ring)
MPRegen  0.10/turn              (no ring)

@: very slow
A: large, see invisible, deformed body, poison resistance, slowness 2, slow
metabolism 1, spit poison 1, AC +1
a: Spit Poison


You were on level 2 of the Dungeon.
You were not hungry.

You visited 1 branch of the dungeon, and saw 2 of its levels.

You collected 67 gold pieces.

Inventory:

Hand Weapons
 d - a +0 trident (weapon)
Armour
 a - a +0 robe (worn)
 k - a +0 naga barding (worn)
Jewellery
 j - an amulet of the gourmand (around neck)
Scrolls
 b - 5 scrolls of identify {unknown}
 g - 2 scrolls of amnesia {unknown}
 i - a scroll of immolation {unknown}
 l - a scroll of fear {unknown}
 m - a scroll of random uselessness {unknown}
Potions
 e - a potion of curing {unknown}
 f - a potion of lignification {unknown}
 h - a potion of ambrosia {unknown}
Comestibles
 c - 5 rations


   Skills:
 + Level 2.0 Dodging
 - Level 3.0 Stealth
 + Level 2.5 Spellcasting
   Level 1.0 Conjurations
 * Level 3.9 Ice Magic


You had 3 spell levels left.
You knew the following spells:

 Your Spells              Type           Power        Failure   Level  Hunger
a - Freeze                Ice            ##..         4%          1    #......
b - Ozocubu's Armour      Chrm/Ice       #.......     26%         3    ###....

Your spell library contained the following spells:

 Spells                   Type           Power        Failure   Level  Hunger
 Throw Frost              Conj/Ice       #.....       11%         2    ##.....
 Throw Icicle             Conj/Ice       #.......     56%         4    #####..
 Summon Ice Beast         Ice/Summ       #.......     65%         4    #####..


Dungeon Overview and Level Annotations

Branches:
Dungeon (2/15)

Altars:
Dithmenos


Innate Abilities, Weirdness & Mutations

You cannot wear boots.
Your serpentine skin is tough. (AC +1)
You have supernaturally acute eyesight. (SInv)
Armour fits poorly on your strangely shaped body.
Your system is resistant to poisons. (rPois)
You cover ground very slowly.
You have a slow metabolism.
You can spit poison.


Message History

Casting: Freeze (safe; 4% risk of failure)
Confirm with . or Enter, or press ? or * to list all spells.
Aiming: Freeze (safe; 4% risk of failure)
Press: ? - help, Shift-Dir - straight line, f/p - centaur
Aim: a centaur (moderately wounded, poisoned)
You freeze the centaur.
The centaur is moderately wounded.
You have got your breath back.
The centaur looks more healthy.
The centaur hits you.
* * * LOW HITPOINT WARNING * * *
The centaur closely misses you.
Casting: Freeze (safe; 4% risk of failure)
Confirm with . or Enter, or press ? or * to list all spells.
Aiming: Freeze (safe; 4% risk of failure)
Press: ? - help, Shift-Dir - straight line, f/p - centaur
Aim: a centaur (heavily wounded)
You freeze the centaur.
The centaur is heavily wounded.
The centaur hits you!
You die...

#.#####..#######.######.#
#.# #..# #.######.#
#.#####..# #........#
#........# ##########
#........######
#.............. ..
#.......####### ..##
..............#####.....
...........(....@c...=..
##.###.........(........
##..##......[.(.........
#....#........####......
#....#........# ##....
#.............# ####
#.....#.###.### #.....#.#
#.# ........# #.#


You could see a centaur.

Vanquished Creatures
  3 oozes
  A dart slug (D:1)
  3 leopard geckos (D:1)
  2 giant cockroaches (D:1)
  2 goblins (D:1)
  3 hobgoblins
  4 jackals (D:2)
  7 bats
  2 frilled lizards
  2 kobolds (D:1)
  3 rats
32 creatures vanquished.

Notes
Turn   | Place    | Note
-------+----------+-------------------------------------------
     0 | D:1      | Ivernyr the Naga Ice Elementalist began the quest for the
                  | Orb.
     0 | D:1      | Reached XP level 1. HP: 15/15 MP: 3/3
    52 | D:1      | Reached XP level 2. HP: 11/22 MP: 0/5
   895 | D:1      | Reached XP level 3. HP: 24/28 MP: 4/6
   919 | D:1      | Learned a level 3 spell: Ozocubu's Armour
  1995 | D:2      | Found a shadowy altar of Dithmenos.
  2206 | D:2      | Noticed a centaur
  2211 | D:2      | HP: 1/28 [centaur (4)]
  2212 | D:2      | Mangled by a centaur

Skill      XL: |  1  2  3 |
---------------+----------+-----
Dodging        | 2 |  2.0
Stealth        | |  3.0
Spellcasting   | |  2.5
Conjurations   | |  1.0
Ice Magic      | |  3.9

Action                   || total
-------------------------++-------
Melee: Unarmed           ||     5
       Mace              ||    50
       Trident           ||     9
 Cast: Freeze            ||    21
 Abil: Spit Poison       ||    20
 Stab: Sleeping          ||     2
  Eat: Chunk             ||     4
Armor: Robe              ||    45
Dodge: Dodged            ||    71
